 Dungeon Crawl Stone Soup version 0.21.1-1-g345015f (webtiles) character file.

33 shakethe the Grave Robber (level 3, -2/26 HPs)
             Began as a Demonspawn Necromancer on Feb 18, 2018.
             Slain by a gnoll
             ... wielding a +0 flail
              (9 damage)
             ... on level 1 of the Dungeon.
             The game lasted 00:03:29 (894 turns).

shakethe the Grave Robber (Demonspawn Necromancer)   Turns: 894, Time: 00:03:30

Health: -2/26      AC:  2    Str:  8    XL:     3   Next: 12%
Magic:  5/6        EV: 12    Int: 17    God:
Gold:   16         SH:  0    Dex: 13    Spells: 6/7 levels left

rFire    . . .     SeeInvis .   h - -2 short sword (curse)
rCold    + . .     Gourm    .   (no shield)
rNeg     . . .     Faith    +   a - +0 robe
rPois    .         Spirit   .   (no helmet)
rElec    .         Reflect  .   (no cloak)
rCorr    .         Harm     .   (no gloves)
MR       .....                  (no boots)
Stlth    ++........             e - amulet of faith {Faith, !P}
HPRegen  0.08/turn              (no ring)
MPRegen  0.10/turn              (no ring)

@: no status effects
A: cold resistance 1
a: no special abilities


You were on level 1 of the Dungeon.
You were not hungry.

You visited 1 branch of the dungeon, and saw 2 of its levels.

You collected 16 gold pieces.

Inventory:

Hand Weapons
 h - a cursed -2 short sword (weapon)
   (You took it off a kobold on level 1 of the Dungeon)
Armour
 a - a +0 robe (worn)
Jewellery
 e - an amulet of faith (around neck) {Faith, !P}
   (You found it on level 2 of the Dungeon)
Scrolls
 f - a scroll of enchant armour {unknown}
 g - a scroll of teleportation {unknown}
Books
 b - a book of Necromancy
Comestibles
 c - a ration
 d - a chunk of flesh {@w0@w0}


   Skills:
 + Level 1.4 Fighting
 - Level 1.7 Dodging
 - Level 1.7 Stealth
 + Level 2.5 Spellcasting
 + Level 4.8 Necromancy


You had 6 spell levels left.
You knew the following spells:

 Your Spells              Type           Power        Failure   Level  Hunger
a - Pain                  Necr           ###.         2%          1    #......


Dungeon Overview and Level Annotations

Branches:
Dungeon (2/15)

Altars:


Innate Abilities, Weirdness & Mutations

Your flesh is cold resistant. (rC+)


Message History

The bat barely misses you. The bat hits you but does no damage. x2
The bat misses you. The bat hits you but does no damage. x2
The bat closely misses you. The bat hits you but does no damage.
The bat completely misses you. The bat barely misses you. The bat hits you.
The bat barely misses you.
You take 1 damage, and have 20/26 hp.
You barely miss the bat. The bat misses you.
The bat hits you but does no damage. The bat barely misses you.
The bat closely misses you. x2; The bat hits you.
You take 1 damage, and have 19/26 hp.
The bat hits you but does no damage. The bat barely misses you.
The bat closely misses you. The bat closely misses you.
The bat barely misses you.
The bat misses you. x2; The bat closely misses you.
The bat misses you. x2
The bat barely misses you. The bat barely misses you. The bat misses you.
The bat closely misses you. The bat hits you but does no damage.
The bat barely misses you. The bat hits you but does no damage.
The bat hits you but does no damage. The bat hits you but does no damage.
The bat barely misses you. The bat hits you but does no damage.
The bat misses you. The bat barely misses you. The bat barely misses you.
You miss the bat. The bat hits you but does no damage.
The bat barely misses you. The bat misses you.
The bat hits you but does no damage. The bat barely misses you.
The bat closely misses you. The bat completely misses you.
The bat closely misses you. The bat hits you but does no damage.
The bat barely misses you. The bat hits you.
The bat hits you but does no damage.
You take 1 damage, and have 20/26 hp.
The bat misses you. The bat hits you but does no damage. x2
The bat hits you but does no damage. x2
The bat barely misses you. The bat hits you but does no damage.
The bat completely misses you. The bat closely misses you.
The bat hits you but does no damage. The bat closely misses you.
The bat misses you. The bat hits you but does no damage.
The bat barely misses you. The bat hits you.
You take 1 damage, and have 19/26 hp.
The bat barely misses you. The bat hits you but does no damage.
MP restored: 6 The bat barely misses you.
The bat closely misses you. The bat closely misses you.
The bat closely misses you. The bat barely misses you. The bat hits you.
You take 1 damage, and have 19/26 hp.
The bat closely misses you. The bat hits you but does no damage.
The bat hits you. The bat closely misses you.
You take 1 damage, and have 18/26 hp.
Aim: a bat (chance to defeat MR: 89%)
The bat barely resists.
The bat hits you but does no damage. The bat closely misses you.
You take 1 damage, and have 17/26 hp.
You now have 5/6 mp.
Aim: a bat (chance to defeat MR: 89%)
The bat writhes in agony!
You kill the bat!
The bat misses you.
You take 1 damage, and have 16/26 hp.
You now have 4/6 mp.
The bat barely misses you. The bat misses you. The bat closely misses you.
The bat misses you. The bat hits you.
You take 1 damage, and have 15/26 hp.
The bat hits you but does no damage. The bat misses you.
Aim: a bat (chance to defeat MR: 89%)
You miscast Pain.
You are very lightly contaminated with residual magic.
Your bones ache.
The bat barely misses you. The bat hits you but does no damage.
The gnoll hits you with a flail!
* * * LOW HITPOINT WARNING * * *
You take 9 damage, and have 7/26 hp.
MASSIVE DAMAGE!!
The bat hits you.
* * * LOW HITPOINT WARNING * * *
The gnoll barely misses you.
You take 1 damage, and have 6/26 hp.
The bat closely misses you. The bat barely misses you.
The bat closely misses you. The bat barely misses you.
The bat closely misses you. The bat completely misses you.
The bat barely misses you. The bat hits you but does no damage.
The bat closely misses you. The bat barely misses you.
The bat barely misses you. The bat closely misses you.
Aim: a bat (chance to defeat MR: 89%)
The bat writhes in agony!
You kill the bat!
You take 1 damage, and have 6/26 hp.
You now have 4/6 mp.
The gnoll misses you.
Your magical contamination has completely faded away.
The gnoll barely misses you. The gnoll hits you with a flail!
You die...

#.# #.#.### ##... #.#
#.....# .# #... #s#
###.#.# .. ##.. #r##
#.#.....## #####.) #.b#
#.#####..# ...#.# ##.#
#.# #.# #.#.# #.####.#
#.# #...#
#....#.######)### ###.#
####....@.......##
###..
#....g.####.#..####....
#.)....####.##..##..##.
#.>....#..[............
#........##.###########
#......####.#
#......####.#####
#...............#
#...............####


You could see a gnoll.

Vanquished Creatures
  3 dart slugs (D:1)
  A ball python (D:1)
  5 giant cockroaches (D:1)
  4 goblins
  2 hobgoblins (D:1)
  A kobold (D:1)
  4 bats
  4 rats
24 creatures vanquished.

Notes
Turn   | Place    | Note
-------+----------+-------------------------------------------
     0 | D:1      | shakethe the Demonspawn Necromancer began the quest for the Orb.
     0 | D:1      | Reached XP level 1. HP: 13/13 MP: 3/3
    87 | D:1      | You fall through a shaft!
   128 | D:1      | Gained mutation: Your flesh is cold resistant. (rC+) [demonic ancestry]
   128 | D:1      | Reached XP level 2. HP: 17/20 MP: 1/5
   195 | D:1      | Reached skill level 1 in Fighting
   793 | D:1      | Reached XP level 3. HP: 26/26 MP: 4/6
   870 | D:1      | HP: 6/26 [bat (1)]
   894 | D:1      | Slain by a gnoll

Skill      XL: |  1  2 |
---------------+-------+-----
Fighting       | 1 |  1.4
Dodging        | |  1.7
Stealth        | |  1.7
Spellcasting   | |  2.5
Necromancy     | |  4.8

Action                   || total
-------------------------++-------
Melee: Short sword       ||    24
       Unarmed           ||     5
 Cast: Pain              ||    43
Armor: Robe              ||    66
Dodge: Dodged            ||   165

Vault maps used:
D:1:      dpeg_arrival_prison, minmay_tetromino_i2

Table legend:
 A = Turns spent in this place as a percentage of turns spent in the entire game.
 B = Non-inter-level travel turns spent in this place as a percentage of non-inter-level travel turns spent in the entire game.
 C = Inter-level travel turns spent in this place as a percentage of turns spent in this place.
 D = Turns resting spent in this place as a percentage of non-inter-level travel turns spent in this place.
 E = Turns spent auto-exploring this place as a percentage of non-inter-level travel turns spent in this place.
 F = Non-inter-level travel turns spent in this place divided by the number of levels of this place that you've seen.
                   A       B       C       D       E      F
               +-------+-------+-------+-------+-------+----------------------
         Total | 100.0 | 100.0 |   0.0 |  39.6 |  17.1 | 447.0
       Dungeon | 100.0 | 100.0 |   0.0 |  39.6 |  17.1 | 447.0
               +-------+-------+-------+-------+-------+----------------------

Table legend:
 A = Kills in this place as a percentage of kills in entire the game.
 B = Kills by you in this place as a percentage of kills by you in the entire game.
 C = Kills by friends in this place as a percentage of kills by friends in the entire game.
 D = Other kills in this place as a percentage of other kills in the entire game.
 E = Experience gained in this place as a percentage of experience gained in the entire game.
 F = Experience gained in this place divided by the number of levels of this place that you have seen.
                   A       B       C       D       E      F
               +-------+-------+-------+-------+-------+----------------------
         Total | 100.0 | 100.0 |   N/A |   N/A | 100.0 |  24.0
       Dungeon | 100.0 | 100.0 |   N/A |   N/A | 100.0 |  24.0
               +-------+-------+-------+-------+-------+----------------------
